 Dungeon Crawl Stone Soup version 0.21.1-1-g345015f (webtiles) character file.

161 Glog the Digger (level 5, -13/28 HPs)
             Began as a Gargoyle Earth Elementalist on May 9, 2018.
             Mangled by an ogre
             ... wielding a +0 giant club
              (25 damage)
             ... on level 6 of the Dungeon.
             The game lasted 00:10:29 (2081 turns).

Glog the Digger (Gargoyle Earth Elementalist)       Turns: 2081, Time: 00:10:29

Health: -13/28     AC:  6    Str: 17      XL:     5   Next: 42%
Magic:  10/10      EV: 12    Int: 16      God:
Gold:   73         SH:  0    Dex: 13 (14) Spells: 10/11 levels left

rFire    . . .     SeeInvis .   g - +2 spear (pierce)
rCold    . . .     Gourm    .   (no shield)
rNeg     + . .     Faith    .   c - +0 robe
rPois    ∞         Spirit   .   (no helmet)
rElec    +         Reflect  .   (no cloak)
rCorr    .         Harm     .   (no gloves)
MR       .....                  (no boots)
Stlth    ++........             (no amulet)
HPRegen  0.09/turn              m - +5 ring of strength
MPRegen  0.12/turn              j - +4 ring of dexterity

@: no status effects
A: negative energy resistance 1, electricity resistance, unbreathing,
petrification resistance, rot immunity, AC +4
a: no special abilities


You were on level 6 of the Dungeon.
You were not hungry.

You visited 1 branch of the dungeon, and saw 4 of its levels.

You collected 73 gold pieces.

Inventory:

Hand Weapons
 g - a +2 spear of piercing (weapon)
Missiles
 b - 14 stones (quivered)
Armour
 c - a +0 robe (worn)
Jewellery
 j - a +4 ring of dexterity (right hand)
 m - a +5 ring of strength (left hand)
 o - an uncursed ring of fire
Scrolls
 f - 2 scrolls of remove curse
 h - a scroll of immolation {unknown}
 i - a scroll of enchant weapon {unknown}
 k - a scroll of fog {unknown}
 l - 2 scrolls of fear {unknown}
Potions
 a - a potion of might {unknown}
 n - a potion of curing
Books
 e - a book of Geomancy

   Spells                             Type                      Level
   a - Sandblast                      Earth                        1
   b - Passwall                       Transmutation/Earth          2
   c - Stone Arrow                    Conjuration/Earth            3
   d - Petrify                        Transmutation/Earth          4
   e - Lee's Rapid Deconstruction     Earth                        5
Comestibles
 d - 2 rations


   Skills:
 + Level 2.0 Dodging
 + Level 2.4 Stealth
 + Level 1.3 Unarmed Combat
 + Level 3.5 Spellcasting
   Level 0.7 Transmutations
 + Level 5.1 Earth Magic


You had 10 spell levels left.
You knew the following spells:

 Your Spells              Type           Power        Failure   Level  Hunger
a - Sandblast             Erth           ###...       2%          1    None


Dungeon Overview and Level Annotations

Branches:
Dungeon (3/15)

Altars:


Innate Abilities, Weirdness & Mutations

You are resistant to torment.
Your stone body is resilient. (AC +4)
You are immune to poison.
You resist negative energy. (rN+)
You are resistant to electric shocks. (rElec)
You can survive without breathing.
You are immune to petrification.
You are immune to rotting.


Message History

You feel your dexterity returning.
There is an open door, spattered with blood here.
An ogre comes into view. It is wielding a giant club.
The ogre shouts!
Casting: Sandblast
Confirm with . or Enter, or press ? or * to list all spells.
Aiming: Sandblast
Press: ? - help, Shift-Dir - straight line, f - ogre
Aim: an ogre, wielding a giant club The blast of sand hits the ogre.
The ogre is moderately wounded.
b - 14 stones The ogre hits you with a giant club!
Ouch! That really hurt!
There is an open door, spattered with blood here.
You open the door. The ogre closely misses you.
There is an open door here.
The ogre hits you with a giant club!!
Ouch! That really hurt!
You die...

#......#...##..###..#
#......#........'...#
######......'........#...#
#...........#........#...#
#...........########.##..#...(
#...........#...####.##..#....
#...........#............#....
#...........#............#....
#...........#@...........#....
#...........#O....##.....#....
#...........#'######.....#....
#...........#............'....
#.......)...#............#....
#...........#............#....
#...........#.....##.....#....
#...........########.....#....
#...........# .......#....


You could see an ogre.

Vanquished Creatures
  A hound (D:6)
  An orc priest (D:3)
  A worker ant (D:6)
  An adder (D:3)
  An ooze (D:3)
  A leopard gecko (D:1)
  4 orcs (D:3)
  3 giant cockroaches (D:1)
  5 goblins
  6 hobgoblins
  8 jackals
  8 kobolds
  2 ball pythons
  5 bats
  7 frilled lizards
  9 rats
63 creatures vanquished.

Notes
Turn   | Place    | Note
-------+----------+-------------------------------------------
     0 | D:1      | Glog the Gargoyle Earth Elementalist began the quest for the Orb.
     0 | D:1      | Reached XP level 1. HP: 10/10 MP: 3/3
   135 | D:1      | Reached skill level 4 in Earth Magic
   135 | D:1      | Reached XP level 2. HP: 12/15 MP: 0/5
   467 | D:1      | Reached XP level 3. HP: 17/19 MP: 0/6
  1317 | D:2      | Found a faded altar of an unknown god.
  1673 | D:3      | Reached XP level 4. HP: 23/24 MP: 0/8
  1858 | D:3      | Reached skill level 1 in Unarmed Combat
  1875 | D:3      | Reached skill level 5 in Earth Magic
  1912 | D:3      | You fall through a shaft for 3 floors!
  1919 | D:6      | Reached XP level 5. HP: 28/28 MP: 6/10
  2052 | D:6      | Noticed an ogre
  2081 | D:6      | Mangled by an ogre

Skill      XL: |  1  2  3  4 |
---------------+-------------+-----
Earth Magic    | 4 5 |  5.1
Dodging        | 2 |  2.0
Unarmed Combat | 1 |  1.3
Spellcasting   | 3 |  3.5
Stealth        | |  2.4
Transmutations | |  0.7

Action                   |  1- 3 |  4- 6 || total
-------------------------+-------+-------++-------
Melee: Unarmed           |    45 |    21 ||    66
       Spear             |       |    10 ||    10
 Cast: Sandblast         |    54 |    18 ||    72
  Use: Potion            |     4 |       ||     4
       Scroll            |     3 |     1 ||     4
  Eat: Ration            |     1 |     1 ||     2
Armor: Robe              |    30 |    17 ||    47
Dodge: Dodged            |    81 |    23 ||   104
